 Dungeon Crawl Stone Soup version 0.15-a0-225-ga4013df (webtiles) character file.

561 satsukihimesama the Ruinous (level 6, -5/32 HPs)
             Began as a Gargoyle Wizard on Apr 25, 2014.
             Slain by an ice beast (7 damage)
             ... on Level 5 of the Dungeon.
             The game lasted 00:15:18 (3561 turns).

satsukihimesama the Ruinous (Gargoyle Wizard)       Turns: 3561, Time: 00:15:20

HP  -5/32        AC  6     Str 10      XL: 6   Next: 91%
MP   4/12        EV 11     Int 21      God:
Gold 146         SH  0     Dex  8      Spells:  4 memorised,  2 levels left

rFire  . . .     SeeInvis .     m - +0,+1 dagger (elec)
rCold  . . .     Clarity  .     a - +0 robe
rNeg   + . .     Conserve .     (no shield)
rPois  +         rCorr    .     b - +0 hat
rElec  +         rRot     +     (no cloak)
SustAb . .       Spirit   .     (no gloves)
rMut   .         Warding  .     (no boots)
Saprov . . .     Stasis   .     (no amulet)
MR     .....                    (no ring)
                                (no ring)

@: not resistant to hostile enchantments, unstealthy
A: life protection 1, electricity resistance, unbreathing, petrification
resistance, AC +4
a: no special abilities


You were on level 5 of the Dungeon.
You were very hungry.

You visited 1 branch of the dungeon, and saw 5 of its levels.

You collected 146 gold pieces.

Inventory:

Hand weapons
 m - a +0,+1 dagger of electrocution (weapon)
 G - a +0,+2 flail of holy wrath
Armour
 a - a +0 robe (worn)
 b - a +0 hat (worn)
Magical devices
 y - a wand of fire (0)
Comestibles
 d - a bread ration
 k - a choko
 r - an apple
 C - a banana
 E - a meat ration
Scrolls
 g - 2 scrolls of enchant weapon II {unknown}
 h - a scroll of random uselessness {unknown}
 i - a scroll of amnesia
 l - 2 scrolls of immolation {unknown}
 n - 2 scrolls of identify {unknown}
 p - 2 scrolls of magic mapping {unknown}
 t - 3 scrolls of teleportation {unknown}
 v - a scroll of fog {unknown}
 x - 2 scrolls of remove curse {unknown}
 D - 2 scrolls of enchant armour {unknown}
 F - a scroll of fear {unknown}
 H - a scroll of recharging {unknown}
Jewellery
 q - a cursed ring of teleportation {unknown}
 A - a cursed +3 ring of evasion {unknown}
Potions
 e - 3 potions of curing {unknown}
 f - a potion of confusion {unknown}
 j - 2 potions of restore abilities {unknown}
 o - a potion of agility {unknown}
 s - 2 potions of poison {unknown}
 u - 2 potions of heal wounds {unknown}
Books
 c - a book of Minor Magic

   Spells                             Type                      Level
   *Magic Dart                        Conjuration                  1
   Blink                              Translocation                2
   Call Imp                           Summoning                    2
   *Repel Missiles                    Charms/Air                   2
   Slow                               Hexes                        2
   *Conjure Flame                     Conjuration/Fire             3
   *Mephitic Cloud                    Conjuration/Poison/Air       3


   Skills:
 - Level 1.5 Dodging
 - Level 2.1 Stealth
 - Level 3.0 Spellcasting
 - Level 6.0 Conjurations
   Level 0.8 Summonings
   Level 0.8 Translocations
 + Level 2.6 Fire Magic
 + Level 2.0 Air Magic


You had 2 spell levels left.
You knew the following spells:

 Your Spells              Type           Power        Failure   Level  Hunger
a - Magic Dart            Conj           ####         1%          1    None
b - Mephitic Cloud        Conj/Pois/Air  ##......     17%         3    ###....
c - Conjure Flame         Conj/Fire      ###.....     10%         3    ###....
d - Repel Missiles        Chrm/Air       #.....       14%         2    ##.....


Dungeon Overview and Level Annotations

Branches:
Dungeon (5/15)
 Temple: D:4-7

Altars:
Elyvilon
Okawaru
Sif Muna
Zin
The Shining One

Annotations:
D:5 MrRokkomies' ghost, average VSEn


Innate Abilities, Weirdness & Mutations

You are resistant to torment.
You are immune to poison.
You are immune to rotting.
Your stone body is very resilient (AC +4).
You resist negative energy.
You are resistant to electric shocks.
You can survive without breathing.
You are immune to petrification.


Message History

Confirm with . or Enter, or press ? or * to list all spells.
Aiming: Magic Dart
Press: ? - help, Shift-Dir - straight line, f/p - ice beast
Aim: an ice beast (severely wounded)
The magic dart hits the ice beast.
The ice beast is almost dead.
The ice beast hits you but does no damage.
Casting: Magic Dart
Confirm with . or Enter, or press ? or * to list all spells.
Aiming: Magic Dart
Press: ? - help, Shift-Dir - straight line, f/p - ice beast
Aim: an ice beast (almost dead)
The magic dart hits the ice beast.
The ice beast is almost dead.
The ice beast hits you.
* * * LOW HITPOINT WARNING * * *
The ice beast freezes you!
Your slimy white potion freezes and shatters!
Your white potion freezes and shatters!
You die...

#................
#..<..............
##...).............
#..................
#.................
#.._..#.##########
#.....#.# #....I#.#
#....@..# #########


You could see an ice beast.

Vanquished Creatures
  A scorpion (D:4)
  4 orc wizards
  A gnoll shaman (D:4)
  Ijyb (D:4)
  7 gnolls
  6 adders
  A giant mite (D:1)
  A giant eyeball (D:4)
  5 giant geckos
  An ooze (D:3)
  6 orcs
  2 ball pythons
  4 giant cockroaches
  8 goblins
  7 hobgoblins
  4 jackals (D:1)
  3 bats
  6 giant newts
  A hobgoblin zombie (D:5)
  8 kobolds
  6 rats
83 creatures vanquished.

Notes
Turn   | Place    | Note
--------------------------------------------------------------
     0 | D:1      | satsukihimesama, the Gargoyle Wizard, began the quest for the Orb.
     0 | D:1      | Reached XP level 1. HP: 10/10 MP: 4/4
    65 | D:1      | Reached XP level 2. HP: 10/15 MP: 0/6
   546 | D:1      | Reached XP level 3. HP: 13/19 MP: 0/7
   900 | D:2      | Learned a level 3 spell: Mephitic Cloud
   904 | D:2      | Learned a level 3 spell: Conjure Flame
  1488 | D:3      | Reached skill level 4 in Conjurations
  1557 | D:3      | Reached XP level 4. HP: 16/24 MP: 0/9
  1876 | D:3      | Reached skill level 5 in Conjurations
  1924 | D:3      | Reached XP level 5. HP: 26/28 MP: 2/11
  1964 | D:3      | Found a deep blue altar of Sif Muna.
  2547 | D:4      | Learned a level 2 spell: Repel Missiles
  2707 | D:4      | Reached skill level 6 in Conjurations
  2746 | D:4      | Reached skill level 1 in Fire Magic
  2746 | D:4      | Reached XP level 6. HP: 13/32 MP: 6/12
  2749 | D:4      | Reached skill level 1 in Air Magic
  2894 | D:4      | Paralysed by a giant eyeball for 4 turns
  3189 | D:4      | Noticed Ijyb
  3213 | D:4      | Killed Ijyb
  3347 | D:4      | Found a white marble altar of Elyvilon.
  3347 | D:4      | Found a glowing golden altar of the Shining One.
  3349 | D:4      | Found a glowing silver altar of Zin.
  3412 | D:5      | Entered Level 5 of the Dungeon
  3495 | D:5      | Noticed MrRokkomies' ghost (average VSEn)
  3511 | D:5      | Found an iron altar of Okawaru.
  3561 | D:5      | Slain by an ice beast

Action                   |  1- 3 |  4- 6 || total
-------------------------+-------+-------++-------
Melee: Unarmed           |    16 |       ||    16
       Club              |     3 |       ||     3
       Dagger            |    63 |    53 ||   116
 Cast: Magic Dart        |    60 |   107 ||   167
       Conjure Flame     |       |     1 ||     1
       Mephitic Cloud    |       |     7 ||     7
Evoke: Wand              |       |     7 ||     7
  Use: Scroll            |     1 |       ||     1
 Stab: Confused          |       |     2 ||     2
